 Dungeon Crawl Stone Soup version 0.23.2-1-ga50397a (webtiles) character file.

Game seed: 336898837654032312

325 WSLaFleur the Magician (level 6, -6/44 HPs)
             Began as a Gnoll Wizard on May 31, 2019.
             Mangled by a wyvern zombie (12 damage)
             ... on level 4 of the Dungeon.
             The game lasted 00:17:59 (4473 turns).

WSLaFleur the Magician (Gnoll Wizard)               Turns: 4473, Time: 00:18:00

Health: -6/44      AC:  8    Str:  9    XL:     6   Next: 48%
Magic:  16/16      EV: 12    Int: 22    God:
Gold:   233        SH:  0    Dex: 14    Spells: 10/19 levels left

rFire    . . .     SeeInvis .   w - +0 spear
rCold    . . .     Gourm    .   (no shield)
rNeg     . . .     Faith    .   m - +0 ring mail
rPois    .         Spirit   .   b - +0 hat
rElec    .         Reflect  .   (no cloak)
rCorr    .         Harm     .   a - +0 pair of gloves
MR       .....                  (no boots)
Stlth    +++.......             e - amulet of magic regeneration
HPRegen  0.14/turn              q - +2 ring of protection
MPRegen  0.40/turn              t - ring of stealth

@: no status effects
A: distributed training, fangs 1, strong nose
a: no special abilities


You were on level 4 of the Dungeon.
You were hungry.

You visited 1 branch of the dungeon, and saw 4 of its levels.

You collected 233 gold pieces.

Inventory:

Hand Weapons
 w - a +0 spear (weapon)
Armour
 a - a +0 pair of gloves (worn)
 b - a +0 hat (worn)
 m - a +0 ring mail (worn)
 n - a +0 buckler
Jewellery
 e - an amulet of magic regeneration (around neck)
 q - a +2 ring of protection (left hand)
 t - a ring of stealth (right hand)
Scrolls
 j - 3 scrolls of teleportation
 k - 7 scrolls of remove curse
 l - 2 scrolls of immolation
 v - 2 scrolls of enchant weapon
 x - a scroll of fear
Potions
 c - a potion of cancellation {unknown}
 g - a potion of heal wounds {unknown}
 h - a potion of magic {unknown}
 i - 2 potions of haste
 o - a potion of mutation {unknown}
 r - 2 potions of brilliance
 s - 2 potions of curing
 u - a potion of lignification {unknown}
 z - a potion of flight {unknown}
Comestibles
 d - 9 rations


   Skills:
 + Level 2.0 Fighting
 + Level 2.0 Short Blades
 + Level 2.0 Long Blades
 + Level 2.0 Axes
 + Level 2.0 Maces & Flails
 + Level 2.0 Polearms
 + Level 2.0 Staves
 + Level 2.0 Slings
 + Level 2.0 Bows
 + Level 2.0 Crossbows
 + Level 2.0 Throwing
 + Level 2.0 Armour
 + Level 5.0 Dodging
 + Level 4.6 Stealth
 + Level 2.0 Shields
 + Level 2.0 Unarmed Combat
 + Level 7.4 Spellcasting
 + Level 2.6 Conjurations
 + Level 1.5 Hexes
 + Level 1.5 Charms
 + Level 2.6 Summonings
 + Level 1.5 Necromancy
 + Level 2.6 Translocations
 + Level 1.5 Transmutations
 + Level 1.5 Fire Magic
 + Level 1.5 Ice Magic
 + Level 1.5 Air Magic
 + Level 1.5 Earth Magic
 + Level 1.5 Poison Magic
 + Level 2.1 Invocations
 + Level 2.0 Evocations


You had 10 spell levels left.
You knew the following spells:

 Your Spells              Type           Power        Failure   Level  Hunger
a - Magic Dart            Conj           ###.         7%          1    None
b - Call Imp              Summ           ###.....     11%         2    None
c - Conjure Flame         Conj/Fire      ###.....     26%         3    None
d - Mephitic Cloud        Conj/Pois/Air  ###.....     28%         3    None

Your spell library contained the following spells:

 Spells                   Type           Power        Failure   Level  Hunger
 Blink                    Tloc           N/A          11%         2    None
 Slow                     Hex            ###.....     17%         2    None


Dungeon Overview and Level Annotations

Branches:
Dungeon (4/15)
 Temple: D:4-7

Altars:
Trog
Xom

Shops:
D:4 [%

Annotations:
D:4 Ijyb


Innate Abilities, Weirdness & Mutations

Your experience applies equally to all skills.
You have very sharp teeth.
Your uncanny sense of smell can sniff out nearby items.


Message History

The wyvern zombie is lightly damaged.
The wyvern zombie bites you.
You hit the wyvern zombie but do no damage.
The wyvern zombie is lightly damaged.
The wyvern zombie bites you! The wyvern zombie bites you.
You hit the wyvern zombie.
You bite the wyvern zombie, but do no damage.
The wyvern zombie is lightly damaged.
The wyvern zombie bites you.
You hit the wyvern zombie.
The wyvern zombie is moderately damaged.
The wyvern zombie closely misses you.
You hit the wyvern zombie.
The wyvern zombie is moderately damaged.
The wyvern zombie bites you!
* * * LOW HITPOINT WARNING * * *
You barely miss the wyvern zombie.
The wyvern zombie is moderately damaged.
The wyvern zombie closely misses you. The wyvern zombie bites you!
You die...

#..
...
...
#.#
#.#
#.#
#Z#
#@#
#.#
#.#
#.#
#.#
#.#
∆
..#
...


You could see a wyvern zombie.

Vanquished Creatures
  A bullfrog skeleton (D:4)
  A hound (D:4)
  A hound skeleton (D:4)
  2 adders
  An ooze (D:1)
  A worm (D:4)
  2 dart slugs (D:3)
  4 leopard geckos
  3 orcs
  4 giant cockroaches
  9 goblins
  8 hobgoblins
  8 jackals
  9 kobolds
  2 quokkas (D:3)
  A ball python (D:3)
  7 bats
  6 frilled lizards
  5 rats
75 creatures vanquished.

Vanquished Creatures (collateral kills)
  4 crimson imps (D:4)
  2 orc wizards (D:3)
6 creatures vanquished.

Grand Total: 81 creatures vanquished

Notes
Turn   | Place    | Note
-------+----------+-------------------------------------------
     0 | D:1      | WSLaFleur the Gnoll Wizard began the quest for the Orb.
     0 | D:1      | Reached XP level 1. HP: 13/13 MP: 8/8
   251 | D:1      | Reached XP level 2. HP: 16/19 MP: 5/10
   795 | D:1      | Reached XP level 3. HP: 25/25 MP: 5/11
  1461 | D:2      | Reached skill level 1 in Invocations
  1514 | D:2      | Learned a level 2 spell: Call Imp
  1518 | D:2      | Learned a level 3 spell: Conjure Flame
  1522 | D:2      | Learned a level 3 spell: Mephitic Cloud
  1524 | D:2      | Found a bloodstained altar of Trog.
  1575 | D:2      | Reached skill level 1 in Fighting
  1575 | D:2      | Reached skill level 1 in Short Blades
  1575 | D:2      | Reached skill level 1 in Long Blades
  1575 | D:2      | Reached skill level 1 in Axes
  1575 | D:2      | Reached skill level 1 in Maces & Flails
  1575 | D:2      | Reached skill level 1 in Polearms
  1575 | D:2      | Reached skill level 1 in Staves
  1575 | D:2      | Reached skill level 1 in Slings
  1575 | D:2      | Reached skill level 1 in Bows
  1575 | D:2      | Reached skill level 1 in Crossbows
  1575 | D:2      | Reached skill level 1 in Throwing
  1575 | D:2      | Reached skill level 1 in Armour
  1575 | D:2      | Reached skill level 1 in Shields
  1575 | D:2      | Reached skill level 1 in Unarmed Combat
  1575 | D:2      | Reached skill level 1 in Evocations
  1634 | D:2      | Reached XP level 4. HP: 32/32 MP: 5/13
  2442 | D:3      | Reached skill level 1 in Hexes
  2442 | D:3      | Reached skill level 1 in Charms
  2442 | D:3      | Reached skill level 1 in Necromancy
  2442 | D:3      | Reached skill level 1 in Transmutations
  2442 | D:3      | Reached skill level 1 in Fire Magic
  2442 | D:3      | Reached skill level 1 in Ice Magic
  2442 | D:3      | Reached skill level 1 in Air Magic
  2442 | D:3      | Reached skill level 1 in Earth Magic
  2442 | D:3      | Reached skill level 1 in Poison Magic
  2554 | D:3      | Noticed an orc warrior
  2634 | D:3      | Reached XP level 5. HP: 35/37 MP: 5/14
  3441 | D:4      | Found a shimmering altar of Xom.
  3744 | D:4      | Reached XP level 6. HP: 41/44 MP: 16/16
  4181 | D:4      | Found Cown's Food Boutique.
  4225 | D:4      | Found Ypsag's Antique Armour Boutique.
  4249 | D:4      | Noticed Ijyb
  4464 | D:4      | Reached skill level 5 in Dodging
  4473 | D:4      | Mangled by a wyvern zombie

Skill      XL: |  1  2  3  4  5  6 |
---------------+-------------------+-----
Conjurations   | 2 |  2.6
Summonings     | 2 |  2.6
Translocations | 2 |  2.6
Invocations    | 1 2 |  2.1
Fighting       | 1 2 |  2.0
Short Blades   | 1 2 |  2.0
Long Blades    | 1 2 |  2.0
Axes           | 1 2 |  2.0
Maces & Flails | 1 2 |  2.0
Polearms       | 1 2 |  2.0
Staves         | 1 2 |  2.0
Slings         | 1 2 |  2.0
Bows           | 1 2 |  2.0
Crossbows      | 1 2 |  2.0
Throwing       | 1 2 |  2.0
Armour         | 1 2 |  2.0
Shields        | 1 2 |  2.0
Unarmed Combat | 1 2 |  2.0
Evocations     | 1 2 |  2.0
Hexes          | 1 |  1.5
Charms         | 1 |  1.5
Necromancy     | 1 |  1.5
Transmutations | 1 |  1.5
Fire Magic     | 1 |  1.5
Ice Magic      | 1 |  1.5
Air Magic      | 1 |  1.5
Earth Magic    | 1 |  1.5
Poison Magic   | 1 |  1.5
Dodging        | 5 |  5.0
Stealth        | |  4.6
Spellcasting   | |  7.4

Action                   |  1- 3 |  4- 6 || total
-------------------------+-------+-------++-------
Melee: Club              |    12 |    14 ||    26
       Bite              |       |     9 ||     9
       Spear             |       |   152 ||   152
 Cast: Magic Dart        |    79 |   118 ||   197
       Call Imp          |       |    16 ||    16
       Mephitic Cloud    |       |     5 ||     5
       Conjure Flame     |       |     4 ||     4
  Use: Scroll            |       |     9 ||     9
 Stab: Sleeping          |       |     1 ||     1
  Eat: Chunk             |     1 |     6 ||     7
       Ration            |       |     1 ||     1
Armor: Ring mail         |     9 |    79 ||    88
Dodge: Dodged            |    16 |   136 ||   152
